 Dungeon Sprint DCSS version 0.29-a0-380-gf50f0a9fbc (webtiles) character file.

Game seed: 15301417913955562321

7333 mhtbhm the Severer (level 10, -14/102 HPs)
             Began as a Minotaur Fighter on May 6, 2022.
             Was the Champion of Qazlal.
             Demolished by an ice devil (23 damage)
             ... in the Dungeon (Sprint VII: "The Pits").
             The game lasted 00:04:42 (1839 turns).

mhtbhm the Severer (Minotaur Fighter)               Turns: 1839, Time: 00:04:43

Health: -14/102    AC: 21    Str: 28    XL:     10   Next: 90%
Magic:  12/12      EV: 10    Int:  5    God:    Qazlal [******]
Gold:   0          SH: 15    Dex: 10    Spells: 9/9 levels left

rFire   . . .      SeeInvis .   a - +2 war axe (freeze)
rCold   + . .      Faith    .   c - +0 buckler
rNeg    . . .      Spirit   .   b - +4 chain mail
rPois   .          Reflect  .   (helmet restricted)
rElec   .          Harm     .   (no cloak)
rCorr   .          Rampage  .   q - +0 pair of gloves
Will    .....      NoTele   +   (no boots)
Stlth   ..........              (no amulet)
HPRegen 0.27/turn               n - +3 ring of strength
MPRegen 0.13/turn               o - +3 ring of protection

@: protected from cold, repel missiles
A: horns 2, retaliatory headbutt
a: Renounce Religion, Upheaval, Elemental Force, Disaster Area


You were in the Dungeon.
You worshipped Qazlal.
Qazlal was exalted by your worship.
You visited 1 branch

Inventory:

Hand Weapons
 a - a +2 war axe of freezing (weapon)
Armour
 b - a +4 chain mail (worn)
 c - a +0 buckler (worn)
 q - a +0 pair of gloves (worn)
Jewellery
 n - a +3 ring of strength (left hand)
 o - a +3 ring of protection (right hand)
Scrolls
 j - a scroll of blinking
 l - 5 scrolls of amnesia
Potions
 d - 2 potions of might
 e - 7 potions of curing
 f - 6 potions of heal wounds
 g - 2 potions of haste
 h - 4 potions of magic
 i - 6 potions of berserk rage
 k - 2 potions of invisibility
 p - a potion of mutation


   Skills:
 + Level 13.8 Fighting
 + Level 18.4 Axes
 + Level 13.2 Armour
 + Level 5.9 Dodging
 + Level 15.9 Shields
 * Level 4.9 Invocations


You had 9 spell levels left.
You didn't know any spells.
Your spell library was empty.

Dungeon Overview and Level Annotations

Branches:
Dungeon (1/1)

Altars:
Ashenzari
Cheibriados
Dithmenos
Elyvilon
Fedhas
Gozag
Hepliaklqana
Kikubaaqudgha
Makhleb
Nemelex Xobeh
Okawaru
Qazlal
Ru
Sif Muna
Trog
Uskayaw
Vehumet
Wu Jian
Xom
Yredelemnul
Zin
The Shining One
Beogh
Jiyva
Lugonu

Annotations:
D Menkaure


Innate Abilities, Weirdness & Mutations

You have a pair of horns on your head.
You reflexively headbutt those who attack you in melee.


Message History

You fail to use your ability.
The fire elemental hits you. The fire elemental burns you!
You feel protected from fire. You block the ice devil's attack.
Unknown command.
Unknown command.
Unknown command.
Activating: Disaster Area (34% risk of failure)
Press: ? - help, Dir - look around, f - activate You fail to use your ability.
The fire elemental barely misses you. You block the ice devil's attack.
Unknown command.
Unknown command.
Unknown command.
Activating: Disaster Area (34% risk of failure)
Press: ? - help, Dir - look around, f - activate You fail to use your ability.
You block the fire elemental's attack. You block the ice devil's attack.
The deep elf pyromancer casts a spell at you.
The bolt of fire hits the fire elemental.
The fire elemental completely resists.
The bolt of fire hits you! You resist.
You feel more protected from fire.
Unknown command.
Unknown command.
Unknown command.
Activating: Disaster Area (34% risk of failure)
Press: ? - help, Dir - look around, f - activate You fail to use your ability.
The fire elemental barely misses you. You furiously retaliate!
You headbutt the fire elemental! The fire elemental hits you.
The deep elf pyromancer points at you and mumbles some strange words.
The bolt of fire hits the fire elemental.
The fire elemental completely resists.
The bolt of fire hits you! You resist.
* * * LOW HITPOINT WARNING * * *
The ice devil hits you.
* * * LOW HITPOINT WARNING * * *
The ice devil freezes you!!
Your resistance to fire fades away.
You feel protected from cold.
You die...

...# ...# #### #########
########## ##
..+..+...###........###..
..+..+.....##......##...
.##..##.....##..°○# ..# #
##....###....#..°.#oo...
........###.###§@##h#o#.#
..#..#...#....#E4#)..J..#
.........[....e○hMh.o...+
..#..#...#....#..#D.....#
........###.###÷.##.#.#.#
##....###....#....#.....
.##..##.....##....# ..# #
..+..+.....##...... #...
..+..+...## ........ ##..


You could see an ice devil, a deep elf pyromancer, a fire elemental (summoned),
a steam dragon, Menkaure (fast) and a wolf.

Vanquished Creatures
  A death yak (D)
  A shadow wraith (D)
  A sea snake (D)
  3 harpies (D)
  A wolf spider (D)
  A cane toad (D)
  A troll (D)
  2 hornets (D)
  A tyrant leech (D)
  A flying skull (D)
  A snapping turtle (D)
  4 yaks (D)
  A wyvern (D)
  A water elemental (D)
  A basilisk (D)
  A redback (D)
  A swamp drake (D)
  2 black bears (D)
  6 wolves (D)
  A centaur (D)
  A gnoll sergeant (D)
  A scorpion (D)
  A small abomination (D)
  6 killer bees (D)
  A crimson imp (D)
  A hound (D)
  A gnoll shaman (D)
  2 orc priests (D)
  An iguana (D)
  2 orc wizards (D)
  A mummy (D)
  10 gnolls (D)
  An adder (D)
  A worm (D)
  6 orcs (D)
  An endoplasm (D)
  A giant cockroach (D)
  A goblin (D)
  A hobgoblin (D)
  2 jackals (D)
  2 quokkas (D)
  3 ball pythons (D)
  A frilled lizard (D)
  A quokka skeleton (D)
  A quokka zombie (D)
  2 rats (D)
84 creatures vanquished.

Notes
Turn   | Place    | Note
-------+----------+-------------------------------------------
     0 | D        | mhtbhm the Minotaur Fighter began the quest for the Orb.
     0 | D        | Reached XP level 1. HP: 19/19 MP: 0/0
    22 | D        | Found a bloodstained altar of Trog.
    22 | D        | Found a shimmering blue altar of Sif Muna.
    22 | D        | Found a viscous altar of Jiyva.
    22 | D        | Found a hazy altar of Hepliaklqana.
    22 | D        | Found an opulent altar of Gozag.
    23 | D        | Found a glowing golden altar of the Shining One.
    23 | D        | Found a glowing silver altar of Zin.
    23 | D        | Found a basalt altar of Yredelemnul.
    23 | D        | Found a shimmering altar of Xom.
    23 | D        | Found an ornate altar of the Wu Jian Council.
    23 | D        | Found a sacrificial altar of Ru.
    23 | D        | Found a stormy altar of Qazlal.
    23 | D        | Found an iron altar of Okawaru.
    23 | D        | Found a sparkling altar of Nemelex Xobeh.
    23 | D        | Found a burning altar of Makhleb.
    23 | D        | Found a blossoming altar of Fedhas.
    23 | D        | Found a white marble altar of Elyvilon.
    23 | D        | Found a shadowy altar of Dithmenos.
    23 | D        | Found a snail-covered altar of Cheibriados.
    25 | D        | Found a radiant altar of Vehumet.
    25 | D        | Found a corrupted altar of Lugonu.
    26 | D        | Found a hide-covered altar of Uskayaw.
    26 | D        | Found an ancient bone altar of Kikubaaqudgha.
    26 | D        | Found a broken altar of Ashenzari.
    30 | D        | Became a worshipper of Qazlal Stormbringer
    65 | D        | Noticed a scorpion
    68 | D        | Reached skill level 3 in Axes
    68 | D        | Reached XP level 2. HP: 28/28 MP: 1/1
    74 | D        | Killed a scorpion
    75 | D        | Reached skill level 4 in Axes
    75 | D        | Reached XP level 3. HP: 35/38 MP: 2/2
    75 | D        | Reached XP level 4. HP: 41/45 MP: 3/3
   100 | D        | Reached * piety under Qazlal
   113 | D        | Reached ** piety under Qazlal
   121 | D        | Reached *** piety under Qazlal
   203 | D        | Reached skill level 5 in Axes
   210 | D        | Reached XP level 5. HP: 36/52 MP: 4/4
   214 | D        | Reached **** piety under Qazlal
   226 | D        | Reached skill level 6 in Axes
   226 | D        | Reached skill level 1 in Dodging
   226 | D        | Reached ***** piety under Qazlal
   459 | D        | Noticed a black bear
   465 | D        | Killed a black bear
   466 | D        | Reached skill level 7 in Axes
   466 | D        | Reached XP level 6. HP: 62/62 MP: 5/5
   568 | D        | Noticed a tyrant leech
   586 | D        | Killed a tyrant leech
   587 | D        | Reached skill level 9 in Axes
   782 | D        | Noticed a flying skull
   797 | D        | Reached skill level 10 in Axes
   797 | D        | Reached XP level 7. HP: 70/70 MP: 6/6
   804 | D        | Killed a flying skull
   805 | D        | Reached skill level 11 in Axes
   805 | D        | Reached skill level 10 in Shields
   854 | D        | Noticed a cane toad
   860 | D        | Reached skill level 10 in Fighting
   860 | D        | Reached skill level 10 in Armour
   860 | D        | Killed a cane toad
   861 | D        | Reached skill level 12 in Axes
   861 | D        | Reached XP level 8. HP: 75/79 MP: 7/7
   982 | D        | Reached ****** piety under Qazlal
   987 | D        | Killed a shadow wraith
   988 | D        | Reached skill level 14 in Axes
  1219 | D        | Noticed a sea snake
  1226 | D        | Reached XP level 9. HP: 78/86 MP: 8/8
  1228 | D        | Killed a sea snake
  1229 | D        | Reached skill level 15 in Axes
  1229 | D        | Reached skill level 5 in Dodging
  1246 | D        | Reached skill level 16 in Axes
  1404 | D        | Noticed a troll
  1409 | D        | Noticed a death yak
  1413 | D        | Killed a troll
  1414 | D        | Reached XP level 10. HP: 97/97 MP: 9/9
  1423 | D        | Killed a death yak
  1424 | D        | Reached skill level 17 in Axes
  1524 | D        | Noticed a harpy
  1524 | D        | Noticed a harpy
  1524 | D        | Noticed a harpy
  1524 | D        | Noticed a wolf spider
  1527 | D        | Killed a harpy
  1528 | D        | Reached skill level 15 in Shields
  1532 | D        | Killed a harpy
  1534 | D        | Killed a wolf spider
  1535 | D        | Reached skill level 18 in Axes
  1536 | D        | Killed a harpy
  1811 | D        | Noticed Menkaure
  1812 | D        | Noticed a deep elf pyromancer
  1839 | D        | Demolished by an ice devil

Illustrated notes

Levels and vault maps discovered:
D:        pitsprint [storerooms_1, entrance_room_1, metal_vault_4, armoury_2,
          mini_pit_1, grid_room_1, main_hall_1, silver_pit, the_coven_1,
          the_vestibule_1, steel_vault_2, golden_pit, hallway_of_sentries,
          crystal_vault_2, iron_vault_1, final_vault]

Skill      XL: |  1  2  3  4  5  6  7  8  9 10 |
---------------+-------------------------------+-----
Fighting       | 4 6 7 8 9 10 12 13 | 13.8
Axes           | 3 4 5 7 10 12 14 16 18 | 18.4
Armour         | 4 6 7 8 9 10 11 12 13 | 13.2
Shields        | 4 6 7 8 9 10 12 14 15 | 15.9
Dodging        | 1 2 3 4 5 |  5.9
Invocations    | 4 |  4.9

Action                   |  1- 3 |  4- 6 |  7- 9 | 10-12 || total
-------------------------+-------+-------+-------+-------++-------
Melee: War axe           |     3 |       |    49 |    40 ||    92
       Hand axe          |     9 |    78 |    13 |       ||   100
       Headbutt          |     2 |    16 |    13 |     9 ||    40
  Use: Potion            |       |     1 |       |     3 ||     4
       Scroll            |       |       |       |     1 ||     1
Armor: Scale mail        |     5 |     1 |       |       ||     6
       Chain mail        |       |    30 |    19 |    29 ||    78
Dodge: Dodged            |     5 |    15 |    17 |    21 ||    58
Block: Buckler           |     1 |    38 |    41 |    48 ||   128

Table legend: (Time is in decaauts)
 A = Elapsed time spent in this place.
 B = Non-inter-level travel time spent in this place.
 C = Inter-level travel time spent in this place.
 D = Time resting spent in this place.
 E = Time spent auto-exploring this place.
 F = Levels seen in this place.
 G = Mean time per level.
                   A        B        C        D        E       F      G
               +--------+--------+--------+--------+--------+-----+--------+
         Total |   1815 |   1815 |      0 |   1244 |     40 |   1 | 1815.0 |
       Dungeon |   1815 |   1815 |      0 |   1244 |     40 |   1 | 1815.0 |
               +--------+--------+--------+--------+--------+-----+--------+

Top non-repeatable levels by time:
       D: 1815 daAuts
